 Dungeon Crawl Stone Soup version 0.21-a0-279-g6037ffb (webtiles) character file.

113 vishdafish the Cudgeler (level 4, 0/63 HPs)
             Began as a Troll Gladiator on Sept 23, 2017.
             Succumbed to an orc wizard's poison
             ... on level 3 of the Dungeon.
             The game lasted 00:03:55 (2042 turns).

vishdafish the Cudgeler (Troll Gladiator)           Turns: 2042, Time: 00:03:56

Health: 0/63       AC: 22    Str: 21 (22) XL:     4   Next: 65%
Magic:  3/3        EV:  1    Int:  4 (5)  God:
Gold:   55         SH:  0    Dex: 15 (16) Spells: 3/3 levels left

rFire    . . .     SeeInvis .   a - +0 flail
rCold    . . .     Gourm    +   (no shield)
rNeg     + + +     Faith    .   (armour currently unavailable)
rPois    +         Spirit   .   (helmet currently unavailable)
rElec    .         Reflect  .   (cloak currently unavailable)
rCorr    .         Harm     .   (gloves unavailable)
MR       .....     NoTele   +   (boots unavailable)
Stlth    ++........             (no amulet)
HPRegen  0.60/turn              (no ring)
MPRegen  0.08/turn              (no ring)

@: agile, lethally poisoned (0 -> -19), tree-form, hasted, invisible, very quick
A: unfitting armour, fast metabolism 3, gourmand, regeneration 1
a: no special abilities


You were on level 3 of the Dungeon.
You were not hungry.
You were a tree.
You visited 1 branch of the dungeon, and saw 3 of its levels.
You also visited: Sewer.

You collected 55 gold pieces.

Inventory:

Hand Weapons
 a - a +0 flail (weapon)
Missiles
 d - 5 throwing nets (quivered)
Armour
 b - a +0 robe (melded)
 c - a +0 hat (melded)
Scrolls
 e - 4 scrolls of remove curse {unknown}
 i - 4 scrolls of teleportation {unknown}
 m - a scroll of enchant weapon {unknown}
 n - a scroll of amnesia {unknown}
 r - a scroll of identify {unknown}
Potions
 g - a potion of degeneration
 o - 3 potions of flight
 q - a potion of agility
Comestibles
 f - 3 bread rations
 h - a meat ration


   Skills:
 + Level 2.1 Fighting
 * Level 3.9 Maces & Flails
 + Level 2.4 Throwing
 + Level 2.8 Dodging


You had 3 spell levels left.
You didn't know any spells.

Dungeon Overview and Level Annotations

Branches:
Dungeon (3/15)

Altars:


Innate Abilities, Weirdness & Mutations

You are too large for most types of armour.
((You have claws for hands.))
Your metabolism is lightning-fast.
You like to eat raw meat.
Your natural rate of healing is unusually fast.
((You are covered in fur. (AC +1)))
((You have very tough skin. (AC +2)))


Message History

Your +0 hat melds into your body.
Your +0 robe melds into your body.
Your roots penetrate the ground.
* * * LOW HITPOINT WARNING * * *
You feel sick. The kobold hits you but does no damage.
The orc hits you but does no damage.
The orc wizard hits you but does no damage.
It was a potion of magic.
Magic courses through your body.
* * * LOW HITPOINT WARNING * * *
You feel very sick. The kobold hits you but does no damage.
The orc hits you but does no damage.
The orc wizard casts a cantrip, but nothing happens.
It was a potion of haste.
You feel yourself speed up.
* * * LOW HITPOINT WARNING * * *
You feel sick. The kobold hits you but does no damage.
The orc hits you but does no damage.
The orc wizard hits you but does no damage.
You are more poisoned.
It was a potion of invisibility.
You fade into invisibility!
You die...

##.#...........#####
#....#...........#
######...........#
#...'...........#
#.###...........##
#.# #.............
#.# #...........#
#.# ######'#+###?
#.# #....♣)# #.#
#....ooK...... #.#
#............. #.#
#.######$##... #.#
#. .. .. #.# # '#. .
#.# ... ##.## . ..
#...#


You could see an orc wizard, an orc and a kobold.

Vanquished Creatures
  3 adders
  An ooze (D:1)
  3 worms
  2 dart slugs (D:1)
  5 leopard geckos
  An orc (D:3)
  4 giant cockroaches
  6 goblins
  4 hobgoblins
  8 jackals
  A ball python (Sewer)
  10 bats
  6 frilled lizards
  3 kobolds
  4 rats (D:2)
61 creatures vanquished.

Notes
Turn   | Place    | Note
-------+----------+-------------------------------------------
     0 | D:1      | vishdafish the Troll Gladiator began the quest for the Orb.
     0 | D:1      | Reached XP level 1. HP: 19/19 MP: 0/0
   219 | D:1      | Reached skill level 3 in Maces & Flails
   219 | D:1      | Reached XP level 2. HP: 20/28 MP: 1/1
   610 | D:1      | Reached XP level 3. HP: 35/35 MP: 2/2
  1571 | D:3      | Found a glowing drain.
  1603 | D:3      | Reached XP level 4. HP: 30/42 MP: 3/3
  1643 | Sewer    | Entered a sewer
  2040 | D:3      | HP: 3/63 [poisoned by an orc wizard]
  2042 | D:3      | Succumbed to an orc wizard's poison

Vault maps used:
D:1:      dpeg_arrival_short_road
D:2:      minmay_split_cup_large
D:3:      gup_sewer_entry_glass, chequers_ecumenical_altar_simple_redux,
          kennysheep_generic_room_13
Sewer:    sewer_fruit_machine

Skill      XL: |  1  2  3 |
---------------+----------+-----
Maces & Flails | 3 |  3.9
Throwing       | 2 |  2.4
Fighting       | 2 |  2.1
Dodging        | |  2.8

Action                   |  1- 3 |  4- 6 || total
-------------------------+-------+-------++-------
Melee: Flail             |   156 |    85 ||   241
  Use: Potion            |       |     7 ||     7
 Stab: Sleeping          |       |     1 ||     1
  Eat: Chunk             |    19 |       ||    19
Armor: Robe              |    84 |    69 ||   153
       Skin              |       |     8 ||     8
Dodge: Dodged            |   123 |    98 ||   221

Table legend:
 A = Spawn XP
 B = Non-spawn XP
 C = Spawn XP percentage of total XP
 D = Spawn monster count
 E = Non-spawn monster count
 F = Spawn count percentage of total count
 G = Total turns spent on level
                    A         B        C        D         E        F      G
               +---------+---------+-------+---------+---------+-------+---------
         Total |       0 |     162 |   0.0 |       0 |      61 |   0.0 |  2042
               +---------+---------+-------+---------+---------+-------+---------
           D:1 |       0 |      47 |   0.0 |       0 |      20 |   0.0 |   911
           D:2 |       0 |      43 |   0.0 |       0 |      16 |   0.0 |   625
           D:3 |       0 |      41 |   0.0 |       0 |       9 |   0.0 |   193
         Sewer |       0 |      31 |   0.0 |       0 |      16 |   0.0 |   313
               +---------+---------+-------+---------+---------+-------+---------
